 Dungeon Crawl Stone Soup version 0.30-a0-722-g3e6e8c874d (webtiles) character file.

Game seed: 7164363298125594775

214 Dittersdorf the Trooper (level 5, 0/34 HPs)
             Began as a Gargoyle Fighter on Jan 27, 2023.
             Slain by an orc
             ... wielding a +0 mace
              (2 damage)
             ... on level 4 of the Dungeon.
             The game lasted 00:03:59 (3152 turns).

Dittersdorf the Trooper (Gargoyle Fighter)          Turns: 3152, Time: 00:04:00

Health: 0/34       AC: 14    Str: 21    XL:     5   Next: 92%
Magic:  5/5        EV:  7    Int:  9    God:
Gold:   207        SH:  4    Dex:  9    Spells: 4/4 levels left

rFire   + . .      SeeInvis .    a - +0 flail
rCold   . . .      Faith    +    c - +0 buckler
rNeg    + . .      Spirit   .    i - +0 chain mail
rPois   ∞          Reflect  .    l - +0 helmet
rElec   +          Harm     .    (no cloak)
rCorr   .          Rampage  .    (no gloves)
Will    .....                    (no boots) Stlth
                                 n - amulet of faith
HPRegen 0.25/turn                m - ring of protection from fire
MPRegen 0.09/turn                (no ring)

@: no status effects
A: sickness immunity, AC +4, negative energy resistance 1, electricity
resistance, torment resistance 1, petrification resistance
a: no special abilities


You were on level 4 of the Dungeon.
You visited 1 branch of the dungeon, and saw 4 of its levels.

You collected 207 gold pieces.

Inventory:

Hand Weapons
 a - a +0 flail (weapon)
Missiles
 s - 6 poisoned darts (quivered)
Armour
 c - a +0 buckler (worn)
 i - a +0 chain mail (worn)
 l - a +0 helmet (worn)
Jewellery
 m - a ring of protection from fire (left hand)
 n - an amulet of faith (around neck)
 q - a ring of resist corrosion
Scrolls
 o - 3 scrolls of fog {unknown}
 p - 2 scrolls of teleportation {unknown}
 r - a scroll of noise {unknown}
 t - a scroll of silence {unknown}
Potions
 b - a potion of heal wounds
 d - a potion of might
 e - a potion of magic
 j - a potion of haste
 k - 2 potions of mutation
 u - 3 potions of degeneration {unknown}


   Skills:
 + Level 4.5 Fighting
 + Level 3.3 Maces & Flails
 + Level 4.4 Armour
 + Level 4.5 Shields


You had 4 spell levels left.
You didn't know any spells.
Your spell library contained the following spells:

 Spells                   Type           Power      Damage    Failure   Level
 Foxfire                  Conj/Fire      0%         2x1d4     99%         1
 Poisonous Vapours        Pois/Air       0%         N/A       100%        2
 Scorch                   Fire           0%         2d5       100%        2
 Mephitic Cloud           Conj/Pois/Air  0%         N/A       100%        3
 Flame Wave               Conj/Fire      0%         2d4       100%        4
 Summon Cactus Giant      Summ           0%         N/A       100%        6
 Chain Lightning          Conj/Air       0%         N/A       100%        9
 Fire Storm               Conj/Fire      0%         5d1       100%        9
 Shatter                  Erth           0%         3d5*      100%        9
 Cigotuvi's Dreadful Rot  Necr/Pois/Air  Unusable   N/A       N/A         2

Dungeon Overview and Level Annotations

Branches:
Dungeon (4/15)
 Temple: D:4-7

Altars:


Innate Abilities, Weirdness & Mutations

You are immune to sickness and miasma.
Your stone body is resilient. (AC +4)
You are immune to poison.
You resist negative energy. (rN+)
You are resistant to electric shocks. (rElec)
You are resistant to unholy torment.
You are immune to petrification.


Message History

The phantom is lightly damaged.
The phantom barely misses you.
You closely miss the phantom.
The phantom is lightly damaged.
The phantom hits you but does no damage.
The orc hits you with a +0 mace.
The phantom hits you but does no damage.
The orc barely misses you.
You closely miss the phantom.
The phantom is lightly damaged.
The orc hits you with a +0 mace. The phantom closely misses you.
The gnoll hits you from afar with a +0 spear.
You hit the orc but do no damage.
The phantom hits you but does no damage.
The orc hits you but does no damage. The gnoll hits you but does no damage.
You hit the orc.
The orc is moderately wounded.
The phantom hits you but does no damage.
You block the gnoll's attack. The gnoll hits you with a +0 flail.
The orc barely misses you. The orc hits you with a +0 mace.
The phantom hits you but does no damage.
You block the gnoll's attack. The gnoll hits you but does no damage.
You barely miss the orc.
The orc is moderately wounded.
The phantom hits you but does no damage.
The orc hits you with a +0 mace. The gnoll hits you but does no damage.
The gnoll hits you with a +0 flail.
* * * LOW HITPOINT WARNING * * *
You hit the orc.
The orc is almost dead.
The phantom hits you but does no damage.
The gnoll hits you with a +0 flail.
* * * LOW HITPOINT WARNING * * *
The orc barely misses you.
The gnoll hits you from afar with a +0 spear.
* * * LOW HITPOINT WARNING * * *
You hit the orc but do no damage.
The orc is almost dead.
The phantom barely misses you. The orc hits you with a +0 mace.
You die...

******,,,,,,,,,,,*###*** *
**,,..,,,,,,,..,,###** *
*,,#....,***.#,....,* *
*...#...####.#g....** **
*#..#..........g..g,*
,******,......##g.#******,*
,,,,**,.##.....gg## *,*
,,,,*,,#.....#.#W# *,*
,,,,,,,........#@# *,**
,,,,,,,.......5og# *,,*
,,,,,,,.......<.## **,*
,,,,,*,..!......# *,*
,,,,,,,.......#.# *,*
,,,,,,,.........#***** *,*
,,,,,,*#.........,,,,* *,*
,,,,,,*#.#.....##.,*,*****,*
,***,,*#*..#.#.**#,*,,,,**,******


You could see a phantom, 4 gnolls, an orc and an ufetubus.

Vanquished Creatures
  Natasha (thrice) (D:3)
  Robin (D:2)
  4 adders
  3 worms
  A dart slug (D:3)
  5 endoplasms
  2 giant cockroaches (D:1)
  11 goblins
  13 hobgoblins
  3 jackals (D:1)
  5 kobolds
  5 quokkas
  7 ball pythons
  2 bats (D:3)
  6 frilled lizards
  7 rats
78 creatures vanquished.

Notes
Turn   | Place    | Note
-------+----------+-------------------------------------------
     0 | D:1      | Dittersdorf the Gargoyle Fighter began the quest for the
                  | Orb.
     0 | D:1      | Reached XP level 1. HP: 14/14 MP: 1/1
   223 | D:1      | Reached XP level 2. HP: 15/19 MP: 2/2
   255 | D:1      | Found a faded altar of an unknown god.
   303 | D:1      | Got Plato's Precepts of Wildfire
   556 | D:1      | Reached XP level 3. HP: 20/24 MP: 3/3
  1132 | D:2      | Noticed Robin
  1141 | D:2      | Killed Robin
  1142 | D:2      | Reached XP level 4. HP: 29/29 MP: 4/4
  1935 | D:3      | Reached XP level 5. HP: 23/33 MP: 5/5
  2176 | D:3      | Noticed Natasha
  2182 | D:3      | Killed Natasha
  2526 | D:3      | Noticed Natasha
  2530 | D:3      | Killed Natasha
  2593 | D:3      | Noticed Natasha
  2602 | D:3      | Killed Natasha
  3132 | D:4      | Noticed a phantom
  3152 | D:4      | Slain by an orc

Illustrated notes

Levels and vault maps discovered:
D:1:      matt_arrival_diagonals, layout_loops_corners,
          shapermc_ecumenical_altar_rom_forum, grunt_decor_arrowhead
D:2:      layout_basic, minmay_tetromino_l2, uniq_robin
D:3:      layout_loops_ring, dk_noncrumbling_4, minmay_pentomino_pile,
          uniq_natasha
D:4:      layout_rooms, cheibrodos_sewer_entry_bend, kennysheep_small_square,
          uniq_ijyb

Skill      XL: |  1  2  3  4  5 |
---------------+----------------+-----
Fighting       | 4 |  4.5
Armour         | 4 |  4.4
Shields        | 4 |  4.5
Maces & Flails | 3 |  3.3

Action                     |  1- 3 |  4- 6 || total
---------------------------+-------+-------++-------
  Melee: Flail             |   127 |   172 ||   299
    Use: Scroll            |       |     6 ||     6
 Armour: Scale mail        |    47 |       ||    47
         Chain mail        |    42 |   122 ||   164
  Dodge: Dodged            |    62 |    69 ||   131
  Block: Buckler           |    34 |    44 ||    78

Table legend: (Time is in decaauts)
 A = Elapsed time spent in this place.
 B = Non-inter-level travel time spent in this place.
 C = Inter-level travel time spent in this place.
 D = Time resting spent in this place.
 E = Time spent auto-exploring this place.
 F = Levels seen in this place.
 G = Mean time per level.
                   A        B        C        D        E       F      G
               +--------+--------+--------+--------+--------+-----+--------+
         Total |   3250 |   3201 |     49 |      0 |   2551 |   4 |  812.5 |
       Dungeon |   3250 |   3201 |     49 |      0 |   2551 |   4 |  812.5 |
               +--------+--------+--------+--------+--------+-----+--------+

Top non-repeatable levels by time:
     D:3: 1427 daAuts
     D:1: 1018 daAuts
     D:2: 772 daAuts
     D:4: 32 daAuts
